 Dungeon Crawl Stone Soup version 0.29.1-2-gbd0b4ee654 (webtiles) character file.

Game seed: 9882199759465231657

142 DemonSlayer the Firebug (level 5, -2/35 HPs)
             Began as a Demonspawn Fire Elementalist on Nov 10, 2022.
             Slain by a gnoll
             ... wielding a +0 spear
             ... led by a gnoll bouda
              (6 damage)
             ... on level 4 of the Dungeon.
             The game lasted 00:07:12 (3734 turns).

DemonSlayer the Firebug (DsFE)                      Turns: 3734, Time: 00:07:12

Health: -2/35      AC:  9    Str:  6 (8)  XL:     5   Next: 3%
Magic:  8/9        EV: 11    Int: 21 (24) God:
Gold:   90         SH:  0    Dex: 16 (18) Spells: 1/9 levels left

rFire   . . .      SeeInvis .   s - +0 whip (venom)
rCold   . . .      Faith    .   (no shield)
rNeg    . . .      Spirit   .   p - +0 leather armour
rPois   .          Reflect  .   n - +2 hat
rElec   .          Harm     .   v - +0 cloak
rCorr   +          Rampage  .   i - +2 pair of gloves
Will    .....                   (no boots)
Stlth   ++++......              o - amulet of magic regeneration
HPRegen 0.11/turn               c - +6 ring of intelligence
MPRegen 0.51/turn               a - ring of resist corrosion

@: weakened, flying
A: hooves 1, thin skeletal structure 2
a: no special abilities


You were on level 4 of the Dungeon.
You visited 1 branch of the dungeon, and saw 4 of its levels.

You collected 90 gold pieces.

Inventory:

Hand Weapons
 e - a +0 dagger
 s - a +0 whip of venom (weapon)
Missiles
 t - 4 javelins
Armour
 i - a +2 pair of gloves (worn)
 n - a +2 hat (worn)
 p - a +0 leather armour (worn)
 v - a +0 cloak (worn)
Jewellery
 a - a ring of resist corrosion (right hand)
 c - a +6 ring of intelligence (left hand)
 o - an amulet of magic regeneration (around neck)
Scrolls
 d - 4 scrolls of identify {unknown}
 g - a scroll of noise {unknown}
 j - 4 scrolls of poison {unknown}
 k - a scroll of enchant armour {unknown}
 q - 2 scrolls of teleportation {unknown}
 r - 4 scrolls of silence {unknown}
Potions
 b - 3 potions of magic
 h - 3 potions of curing
 l - a potion of experience {unknown}
 m - a potion of flight
 u - a potion of brilliance {unknown}


   Skills:
 + Level 0.2 Fighting
 + Level 0.9 Short Blades
 + Level 0.3 Maces & Flails
 + Level 0.2 Armour
 + Level 2.1 Dodging
 + Level 2.9 Stealth
 + Level 2.6 Spellcasting
 + Level 1.7 Conjurations
 + Level 3.5 Fire Magic


You had one spell level left.
You knew the following spells:

 Your Spells              Type           Power      Damage    Failure   Level
a - Foxfire               Conj/Fire      52%        2x1d6     8%          1
b - Scorch                Fire           34%        2d6       8%          2
c - Conjure Flame         Conj/Fire      13%        6-21      22%         3
d - Ensorcelled Hibernat  Hex/Ice        4%         N/A       32%         2

Your spell library contained the following spells:

 Spells                   Type           Power      Damage    Failure   Level
 Inner Flame              Hex/Fire       10%        N/A       32%         3
 Gell's Gravitas          Tloc           2%         N/A       54%         3
 Lesser Beckoning         Tloc           2%         N/A       54%         3
 Spider Form              Tmut/Pois      2%         N/A       54%         3
 Teleport Other           Tloc           2%         N/A       54%         3
 Flame Wave               Conj/Fire      13%        2d6       58%         4
 Anguish                  Hex/Necr       1%         N/A       91%         4
 Summon Ice Beast         Ice/Summ       2%         N/A       91%         4
 Summon Mana Viper        Hex/Summ       2%         N/A       99%         5
 Monstrous Menagerie      Summ           1%         N/A       100%        7


Dungeon Overview and Level Annotations

Branches:
Dungeon (4/15)
 Temple: D:4-7

Altars:


Innate Abilities, Weirdness & Mutations

You have large cloven feet.
You have a moderately thin skeletal structure. (Dex +4, Stealth++)


Message History

Unknown command.
You conjure some foxfire!
The foxfire hits the gnoll bouda but does no damage.
The gnoll bouda is lightly wounded.
The gnoll hits you from afar with a +0 spear.
A gnoll comes into view. It is wielding a +0 club.
Unknown command.
You conjure some foxfire!
The foxfire hits the gnoll bouda.
The gnoll bouda is lightly wounded.
The foxfire hits the gnoll bouda but does no damage.
The gnoll bouda is lightly wounded.
The foxfire hits the gnoll bouda.
The gnoll bouda is moderately wounded.
The gnoll barely misses you.
The foxfire hits the gnoll.
The gnoll is moderately wounded.
The gnoll hits you from afar with a +0 spear.
The gnoll bouda attacks as you move away!
The gnoll bouda hits you with a +0 club.
The gnoll bouda attacks as you move away!
The gnoll bouda hits you with a +0 club.
A scorpion comes into view.
The gnoll bouda gazes fiercely through you!
You feel your attacks grow feeble.
The gnoll bouda attacks as you move away!
The gnoll bouda hits you with a +0 club!
* * * LOW HITPOINT WARNING * * *
It was a potion of curing.
You feel better. The gnoll hits you but does no damage.
The gnoll bouda closely misses you.
The gnoll bouda attacks as you move away!
The gnoll bouda hits you but does no damage.
It was a potion of flight.
You feel very buoyant.
You fly up into the air.
The gnoll closely misses you.
The gnoll bouda hits you with a +0 club.
* * * LOW HITPOINT WARNING * * *
It was a potion of degeneration.
There was something very wrong with that liquid.
You feel weakened.
You feel dopey.
You feel clumsy.
The gnoll hits you from afar with a +0 spear.
You die...

### ..# #.# ##### #.# #....
#.# #.### ####### #@# #.#
....... #g# #.# .......
##g############.###
.......###gg$.#.............
......)g...........#####.##.
#....s#.#.....#.##.# #.).#
#.##. #.#.....#.##.# #...# #
#.......#.##.# #...#
###.#..##.##.# #....


You could see a gnoll bouda and 3 gnolls.

Vanquished Creatures
  A hound (D:4)
  An iguana (D:3)
  A gnoll (D:4)
  An adder (D:3)
  2 worms
  A dart slug (D:2)
  2 bats
  8 endoplasms
  7 giant cockroaches
  3 goblins
  3 hobgoblins
  A jackal (D:4)
  4 kobolds
  5 quokkas
  7 ball pythons
  5 frilled lizards
  4 rats
56 creatures vanquished.

Vanquished Creatures (collateral kills)
  4 foxfires (D:1)
4 creatures vanquished.

Vanquished Creatures (others)
  172 foxfires
172 creatures vanquished.

Grand Total: 232 creatures vanquished

Notes
Turn   | Place    | Note
-------+----------+-------------------------------------------
     0 | D:1      | DemonSlayer the Demonspawn Fire Elementalist began the
                  | quest for the Orb.
     0 | D:1      | Reached XP level 1. HP: 13/13 MP: 3/3
   162 | D:1      | Found a faded altar of an unknown god.
   726 | D:1      | You fall into a shaft and drop 1 floor!
   823 | D:2      | Gained mutation: You have a somewhat thin skeletal
                  | structure. (Dex +2, Stealth+) [demonic ancestry]
   823 | D:2      | Reached XP level 2. HP: 17/19 MP: 5/5
   826 | D:2      | Learned a level 2 spell: Scorch
   896 | D:2      | Reached skill level 3 in Fire Magic
  1953 | D:2      | Reached XP level 3. HP: 24/24 MP: 6/6
  2150 | D:2      | Learned a level 3 spell: Conjure Flame
  3221 | D:3      | Gained mutation: You have a moderately thin skeletal
                  | structure. (Dex +4, Stealth++) [demonic ancestry]
  3221 | D:3      | Reached XP level 4. HP: 30/30 MP: 2/7
  3577 | D:3      | Learned a level 2 spell: Ensorcelled Hibernation
  3692 | D:4      | Identified the +8 spear of the End of Times {antimagic,
                  | Dex+3}
  3721 | D:4      | Gained mutation: You have large cloven feet. [demonic
                  | ancestry]
  3721 | D:4      | Reached XP level 5. HP: 29/35 MP: 6/9
  3734 | D:4      | Slain by a gnoll

Illustrated notes

Levels and vault maps discovered:
D:1:      eino_arrival_water_star, layout_basic, shapermc_ecumenical_altar_gd
D:2:      layout_basic
D:3:      layout_rooms, minmay_misc_feat_x
D:4:      layout_basic, lemuel_doored_altar, gup_sewer_entry_pipe

Skill      XL: |  1  2 |
---------------+-------+-----
Dodging        | 2 |  2.1
Fire Magic     | 3 |  3.5
Stealth        | 2 |  2.9
Fighting       | |  0.2
Short Blades   | |  0.9
Maces & Flails | |  0.3
Armour         | |  0.2
Spellcasting   | |  2.6
Conjurations   | |  1.7

Action                   |  1- 3 |  4- 6 || total
-------------------------+-------+-------++-------
Melee: Dagger            |    46 |       ||    46
       Punch             |     2 |       ||     2
       Whip              |       |    20 ||    20
 Cast: Foxfire           |    60 |    46 ||   106
       Scorch            |     1 |       ||     1
  Use: Potion            |       |     3 ||     3
 Stab: Sleeping          |     9 |     3 ||    12
Armor: Robe              |    18 |       ||    18
       Leather armour    |     1 |    10 ||    11
Dodge: Dodged            |    32 |    19 ||    51
